 Dungeon Crawl Stone Soup version 0.30-a0-219-gf2db51d15e (webtiles) character file.

Game seed: 8039907720857316992

617 IdlyInterested the Shield-Bearer (level 7, 0/54 HPs)
             Began as a Demonspawn Wanderer on Oct 6, 2022.
             Slain by an ogre
             ... wielding a +0 giant spiked club
              (25 damage)
             ... on level 5 of the Dungeon.
             The game lasted 00:13:51 (5163 turns).

IdlyInterested the Shield-Bearer (DsWn)             Turns: 5163, Time: 00:13:52

Health: 0/54       AC:  7    Str: 12    XL:     7   Next: 21%
Magic:  8/8        EV:  9    Int: 21    God:
Gold:   235        SH:  5    Dex: 13    Spells: 8/8 levels left

rFire   . . .      SeeInvis .    n - +2 spear (freeze)
rCold   . . .      Faith    .    c - +0 buckler
rNeg    . . .      Spirit   .    o - +0 scale mail
rPois   .          Reflect  .    (helmet restricted)
rElec   .          Harm     .    (no cloak)
rCorr   .          Rampage  .    (no gloves)
Will    .....                    (no boots)
Stlth   +.........               (no amulet)
HPRegen 0.29/turn                t - +6 ring of intelligence
MPRegen 0.22/turn                (no ring)

@: no status effects
A: antennae 1, magic regeneration, sharp scales 1
a: no special abilities


You were on level 5 of the Dungeon.
You visited 1 branch of the dungeon, and saw 5 of its levels.

You collected 235 gold pieces.

Inventory:

Hand Weapons
 a - a +3 dagger of freezing
 f - a +0 mace
 i - a +0 short sword
 n - a +2 spear of freezing (weapon)
 r - a +0 falchion
 v - a +0 trident
 z - a +0 vampiric dagger
Missiles
 w - a throwing net
 y - 3 poisoned darts (quivered)
Armour
 c - a +0 buckler (worn)
 d - a +0 robe
 k - a +0 ring mail
 o - a +0 scale mail (worn)
 q - a +0 chain mail
 s - a +0 robe
Jewellery
 t - a +6 ring of intelligence (left hand)
Wands
 g - a wand of roots (8)
Scrolls
 b - 2 scrolls of blinking
 h - 2 scrolls of amnesia
 u - a scroll of fear {unknown}
 C - a scroll of magic mapping {unknown}
Potions
 e - a potion of berserk rage
 j - 3 potions of brilliance
 l - a potion of cancellation
 m - a potion of flight
 p - 2 potions of curing
 x - 3 potions of heal wounds
 A - a potion of might
 B - a potion of magic {unknown}


   Skills:
 + Level 4.2 Fighting
 - Level 1.0 Throwing
 + Level 1.3 Armour
 - Level 2.0 Dodging
 - Level 3.0 Stealth
 * Level 4.9 Shields
 - Level 1.0 Spellcasting
 - Level 2.6 Transmutations
 - Level 1.0 Evocations


You had 8 spell levels left.
You didn't know any spells.
Your spell library contained the following spells:

 Spells                   Type           Power      Damage    Failure   Level
 Beastly Appendage        Tmut           24%        N/A       36%         1
 Apportation              Tloc           2%         N/A       73%         1
 Necrotise                Necr           4%         1d4       73%         1
 Summon Small Mammal      Summ           4%         N/A       73%         1
 Cigotuvi's Dreadful Rot  Necr/Pois/Air  2%         N/A       86%         2
 Poisonous Vapours        Pois/Air       2%         N/A       86%         2
 Spider Form              Tmut/Pois      6%         N/A       88%         3
 Mephitic Cloud           Conj/Pois/Air  1%         N/A       97%         3
 Stone Arrow              Conj/Erth      2%         3d7       97%         3
 Animate Armour           Summ/Erth      2%         N/A       100%        4
 Lehudib's Crystal Spear  Conj/Erth      0%         10d2      100%        8


Dungeon Overview and Level Annotations

Branches:
Dungeon (5/15)
 Temple: D:4-7

Altars:
Dithmenos
Fedhas
Gozag
Kikubaaqudgha
Okawaru
Qazlal
Sif Muna
Uskayaw


Innate Abilities, Weirdness & Mutations

You have a pair of small antennae on your head.
You regenerate magic rapidly.
You are partially covered in razor-sharp scales. (AC +1, Slay +1)


Message History

An orc comes into view. It is wielding a +0 club.
The orc shouts!
An orc wizard comes into view. It is wielding a +0 dagger.
The orc wizard shouts!
The orc wizard gestures wildly while chanting.
The orc wizard flickers and vanishes!
Deactivating autopickup; reactivate with Ctrl-A.
The orc hits you with a +0 whip.
You hit the orc. You freeze the orc.
You kill the orc!
You hit the orc but do no damage. The orc barely misses you.
You barely miss the orc. The orc hits you with a +0 club. Something hits you.
The orc barely misses you.
You miss something. Something hits you. The orc barely misses you.
An ogre comes into view. It is wielding a +0 giant spiked club.
You closely miss the orc.
The ogre shouts!
You hear some strange, mumbled words.
You are confused.
The orc hits you but does no damage. The orc hits you but does no damage.
You miss the orc.
You hear some strange, mumbled words.
A magic dart appears from out of thin air!
The magic dart hits you. The orc misses you.
You're too confused to move!
Something hits you but does no damage. The orc hits you but does no damage.
You hit the orc but do no damage. Something hits you but does no damage.
The orc hits you but does no damage.
You barely miss the orc. Something hits you but does no damage.
The orc hits you but does no damage.
You hit the orc but do no damage.
You hear some strange, mumbled words.
A magic dart appears from out of thin air!
The magic dart hits you! The orc closely misses you.
The ogre hits you with a +0 giant spiked club!
You closely miss the ogre.
You feel less confused. Something hits you but does no damage.
The orc hits you with a +0 club.
The ogre hits you with a +0 giant spiked club!!
You die...

#.................#####
#.................# #
#.............#...#####
#......................
#.....................
#.....................
#....)................
#...o{.....#..........
#....@.....#).........
#.....O....#..........
#........###.......)..
#........###..........
#............)........
#.....................
##..............>.....
#..[..#####.....#....
#.)..>..# #.....#####


You could see an ogre and an orc.

Vanquished Creatures
  An ogre (D:5)
  A necrophage (D:5)
  A scorpion (D:5)
  2 hounds (D:5)
  2 orc priests (D:5)
  3 iguanas (D:5)
  2 orc wizards
  5 adders
  An ufetubus (D:5)
  3 worms
  5 dart slugs
  14 orcs
  6 endoplasms
  4 giant cockroaches
  9 goblins
  7 hobgoblins
  3 quokkas
  4 ball pythons
  3 bats
  3 frilled lizards
  9 kobolds
  5 rats
93 creatures vanquished.

Vanquished Creatures (others)
  3 plants (D:5)
3 creatures vanquished.

Grand Total: 96 creatures vanquished

Notes
Turn   | Place    | Note
-------+----------+-------------------------------------------
     0 | D:1      | IdlyInterested the Demonspawn Wanderer began the quest for
                  | the Orb.
     0 | D:1      | IdlyInterested set off with the following items: a +2
                  | dagger, 2 scrolls of blinking, a +0 buckler, a +0 robe; and
                  | the following spell memorised: Beastly Appendage; and the
                  | following spells available to memorise: Spider Form.
     0 | D:1      | Reached XP level 1. HP: 15/15 MP: 2/2
   196 | D:1      | Lost mutation: You have a pair of horns on your head.
                  | [demonic ancestry]
   196 | D:1      | Lost mutation: You have a pair of small horns on your head.
                  | [demonic ancestry]
   196 | D:1      | Gained mutation: You have a pair of small antennae on your
                  | head. [demonic ancestry]
   196 | D:1      | Reached XP level 2. HP: 12/22 MP: 1/3
   728 | D:1      | Reached skill level 1 in Throwing
   878 | D:2      | Reached XP level 3. HP: 22/27 MP: 4/4
  1366 | D:2      | Found a faded altar of an unknown god.
  1601 | D:2      | Reached XP level 4. HP: 34/34 MP: 5/5
  3490 | D:4      | Reached skill level 1 in Dodging
  3490 | D:4      | Reached XP level 5. HP: 28/40 MP: 6/6
  3702 | D:4      | Found a hide-covered altar of Uskayaw.
  4075 | D:5      | Entered Level 5 of the Dungeon
  4210 | D:5      | Reached skill level 1 in Armour
  4456 | D:5      | Gained mutation: You are partially covered in razor-sharp
                  | scales. (AC +1, Slay +1) [demonic ancestry]
  4456 | D:5      | Reached XP level 6. HP: 19/47 MP: 7/7
  4881 | D:5      | Gained mutation: You regenerate magic rapidly. [demonic
                  | ancestry]
  4881 | D:5      | Reached XP level 7. HP: 33/54 MP: 8/8
  5052 | D:5      | Found a blossoming altar of Fedhas.
  5058 | D:5      | Found an opulent altar of Gozag.
  5058 | D:5      | Found a shimmering blue altar of Sif Muna.
  5058 | D:5      | Found a stormy altar of Qazlal.
  5060 | D:5      | Found an iron altar of Okawaru.
  5060 | D:5      | Found an ancient bone altar of Kikubaaqudgha.
  5061 | D:5      | Found a shadowy altar of Dithmenos.
  5163 | D:5      | Slain by an ogre

Illustrated notes

Levels and vault maps discovered:
D:1:      denvon_arrival_waterhouse, layout_loops_ring
D:2:      layout_loops_cross, ebering_ecumenical_altar_sacrificial
D:3:      layout_basic, grunt_decor_fettered
D:4:      cheibrodos_old_hovel, layout_basic, kennysheep_little_box,
          palyth_stone_intersect
D:5:      layout_basic, grunt_temple_overflow_open, serial_bayou_ford_a

Skill      XL: |  1  2  3  4  5  6 |
---------------+-------------------+-----
Fighting       | 2 3 4 |  4.2
Throwing       | 1 |  1.0
Shields        | 2 3 4 |  4.9
Stealth        | 3 |  3.0
Dodging        | 1 2 |  2.0
Armour         | 1 |  1.3
Spellcasting   | |  1.0
Transmutations | |  2.6
Evocations     | |  1.0

Action                   |  1- 3 |  4- 6 |  7- 9 || total
-------------------------+-------+-------+-------++-------
Melee: Dagger            |   151 |    19 |       ||   170
       Kick              |     2 |       |       ||     2
       Headbutt          |     2 |       |       ||     2
       Falchion          |       |    35 |       ||    35
       Spear             |       |   137 |    29 ||   166
Throw: Dart              |       |     4 |       ||     4
 Cast: Beastly Appendage |     4 |       |       ||     4
Evoke: Wand              |       |     1 |       ||     1
  Use: Scroll            |     3 |    10 |       ||    13
       Potion            |       |     3 |       ||     3
 Stab: Sleeping          |     5 |     1 |       ||     6
Armor: Robe              |     2 |       |       ||     2
       Ring mail         |    40 |    18 |       ||    58
       Scale mail        |       |    54 |    15 ||    69
Dodge: Dodged            |    67 |    65 |    13 ||   145
Block: Buckler           |    31 |    39 |     3 ||    73

Table legend: (Time is in decaauts)
 A = Elapsed time spent in this place.
 B = Non-inter-level travel time spent in this place.
 C = Inter-level travel time spent in this place.
 D = Time resting spent in this place.
 E = Time spent auto-exploring this place.
 F = Levels seen in this place.
 G = Mean time per level.
                   A        B        C        D        E       F      G
               +--------+--------+--------+--------+--------+-----+--------+
         Total |   5208 |   4658 |    550 |    647 |   2842 |   5 | 1041.6 |
       Dungeon |   5208 |   4658 |    550 |    647 |   2842 |   5 | 1041.6 |
               +--------+--------+--------+--------+--------+-----+--------+

Top non-repeatable levels by time:
     D:4: 1428 daAuts
     D:2: 1128 daAuts
     D:1: 988 daAuts
     D:5: 893 daAuts
     D:3: 769 daAuts
